 Dungeon Crawl Stone Soup version 0.26-a0-1181-gd376ed14c5 (webtiles) character file.

Game seed: 6042802713745002643

60 runemasterragnar the Sneak (level 4, 0/29 HPs)
             Began as a Kobold Delver on Dec 26, 2020.
             Slain by a rat (1 damage)
             ... in a sewer.
             The game lasted 00:02:42 (884 turns).

runemasterragnar the Sneak (Kobold Delver)           Turns: 884, Time: 00:02:42

Health: 0/29       AC:  3    Str: 10    XL:     4   Next: 25%
Magic:  4/4        EV: 15    Int: 13    God:
Gold:   0          SH:  0    Dex: 16    Spells: 3/3 levels left

rFire    . . .     SeeInvis .   a - +0 short sword
rCold    . . .     Faith    .   (shield restricted)
rNeg     . . .     Spirit   .   b - +0 leather armour
rPois    .         Reflect  .   (no helmet)
rElec    .         Harm     .   (no cloak)
rCorr    .         Rampage  .   (no gloves)
Will     +....                  (no boots)
Stlth    ++++......             (no amulet)
HPRegen  0.09/turn              (no ring)
MPRegen  0.09/turn              (no ring)

@: no status effects
A: small, clever 1, strong-willed 1, nightstalker 3
a: no special abilities


You were in a sewer.
You visited 1 branch of the dungeon, and saw 2 of its levels.
You also visited: Sewer.

Inventory:

Hand Weapons
 a - a +0 short sword (weapon)
Armour
 b - a +0 leather armour (worn)
Wands
 g - a wand of digging (3)
Scrolls
 c - a scroll of fog


   Skills:
 + Level 3.8 Fighting
 + Level 3.6 Short Blades
 + Level 3.2 Dodging
 + Level 7.1 Stealth


You had 3 spell levels left.
You didn't know any spells.
Your spell library was empty.

Dungeon Overview and Level Annotations

Branches:
Dungeon (5/15)              Sewer (1/1)
 Temple: D:4-7

Altars:
Zin


Innate Abilities, Weirdness & Mutations

You are small and have problems with some larger weapons.
You are completely attuned to the shadows.
Your mind is acute. (Int +2)
You are strong-willed. (Will+)


Message History

You closely miss the rat.
The rat is moderately wounded.
The rat bites you.
* * * LOW HITPOINT WARNING * * *
The rat bites you.
* * * LOW HITPOINT WARNING * * *
Unknown command.
You hit the rat.
The rat is severely wounded.
The rat bites you but does no damage. The rat bites you.
* * * LOW HITPOINT WARNING * * *
Unknown command.
You barely miss the rat.
The rat is severely wounded.
The rat closely misses you. x2
Unknown command.
You closely miss the rat.
The rat is severely wounded.
The rat bites you.
You die...

###################
#################
###.#≈≈≈≈≈≈≈≈≈≈≈≈≈≈
##r@..≈≈≈≈≈≈≈≈≈≈≈≈≈≈
##.r†..r≈≈≈≈≈≈≈≈≈≈≈≈≈
#......≈≈≈≈≈≈≈≈≈≈≈≈≈≈
#.†...≈≈≈≈≈≈≈≈≈≈≈≈≈≈≈
#......≈≈≈≈≈≈≈≈.≈≈≈≈≈
#....################
#...## #...## #....+


You could see 3 rats.

Vanquished Creatures
  3 adders
  A river rat (Sewer)
  A worm (D:4)
  3 leopard geckos (D:4)
  4 ball pythons (Sewer)
  A frilled lizard (D:4)
  12 rats
25 creatures vanquished.

Notes
Turn   | Place    | Note
-------+----------+-------------------------------------------
     0 | D:5      | runemasterragnar the Kobold Delver began the quest for the
                  | Orb.
     0 | D:5      | Reached XP level 1. HP: 14/14 MP: 1/1
    44 | D:4      | Found a glowing silver altar of Zin.
   117 | D:4      | Reached XP level 2. HP: 10/19 MP: 2/2
   117 | D:4      | Gained mutation: You have supernaturally acute eyesight.
                  | (SInv) [potion of mutation]
   117 | D:4      | Gained mutation: Your mind is acute. (Int +2) [potion of
                  | mutation]
   117 | D:4      | Lost mutation: You have supernaturally acute eyesight.
                  | (SInv) [potion of mutation]
   117 | D:4      | Gained mutation: You are strong-willed. (Will+) [potion of
                  | mutation]
   213 | D:4      | Reached XP level 3. HP: 10/23 MP: 3/3
   218 | D:4      | Found a glowing drain.
   222 | Sewer    | Entered a sewer
   545 | Sewer    | Reached skill level 7 in Stealth
   852 | Sewer    | Reached XP level 4. HP: 27/29 MP: 4/4
   882 | Sewer    | HP: 1/29 [rat (1)]
   884 | Sewer    | Slain by a rat

Illustrated notes

Levels and vault maps discovered:
D:4:      layout_rooms, nicolae_overflow_crystal_walls, gup_sewer_entry_spiral,
          hangedman_minor_gate_pass
D:5:      layout_rooms, minitemple, uniq_menkaure
Sewer:    sewer_minmay_w

Skill      XL: |  1  2  3 |
---------------+----------+-----
Short Blades   | 3 |  3.6
Dodging        | 3 |  3.2
Stealth        | 7 |  7.1
Fighting       | |  3.8

Action                   |  1- 3 |  4- 6 || total
-------------------------+-------+-------++-------
Melee: Short sword       |    76 |    21 ||    97
  Use: Scroll            |     2 |       ||     2
       Potion            |     2 |       ||     2
 Stab: Sleeping          |     8 |       ||     8
Armor: Leather armour    |    19 |     8 ||    27
Dodge: Dodged            |    51 |    52 ||   103

Table legend: (Time is in decaauts)
 A = Elapsed time spent in this place.
 B = Non-inter-level travel time spent in this place.
 C = Inter-level travel time spent in this place.
 D = Time resting spent in this place.
 E = Time spent auto-exploring this place.
 F = Levels seen in this place.
 G = Mean time per level.
                   A        B        C        D        E       F      G
               +--------+--------+--------+--------+--------+-----+--------+
         Total |    920 |    920 |      0 |    533 |     74 |   3 |  306.7 |
       Dungeon |    246 |    246 |      0 |     62 |      0 |   2 |  123.0 |
         Sewer |    674 |    674 |      0 |    471 |     74 |   1 |  674.0 |
               +--------+--------+--------+--------+--------+-----+--------+

Top non-repeatable levels by time:
   Sewer: 674 daAuts
     D:4: 229 daAuts
     D:5: 17 daAuts
